Quirre, neutral female human Tourist ---- .|@.-- ...)).-- -..0...- -....... ...... .- -.--- -..>- ..%...- ..... ... Quirre the Excursionist Experience level: 7 Strength: 18 Dexterity: 9 Constitution: 17 Intelligence: 14 Wisdom: 6 Charisma: 15 Health: 0(58) Energy: 28(28) Def: 3 Gold: 1194 Moves: 7372 Dungeon seed: 8sAw7ZuTR3JSCT93 Game ID: Quirre_1544092716 Your Inventory: Coins $ - 1194 gold pieces Weapons a - 41 uncursed +2 darts (in quiver) q - an uncursed +2 boomerang named Vladsbane E - 21 uncursed +0 darts S - an uncursed +1 dwarvish short sword (weapon in hand) Z - 7 uncursed +3 darts Armor e - an uncursed +0 Hawaiian shirt l - an uncursed +0 pair of speed boots (being worn) N - an uncursed +0 dwarvish iron helm (being worn) Comestibles b - 3 uncursed food rations d - 2 uncursed tripe rations i - 2 uncursed pears C - 3 uncursed sprigs of wolfsbane F - 2 uncursed eucalyptus leaves H - an uncursed tin of shrieker Wands c - an uncursed wand of make invisible (0:1) f - a cursed wand of striking (0:4) h - an uncursed wand of create monster (0:12) k - an uncursed wand of make invisible (0:5) o - an uncursed wand of secret door detection (0:11) u - an uncursed wand of striking (0:5) x - an uncursed wand of magic missile (0:6) J - an uncursed wand of light (0:14) K - a cursed wand of digging (0:3) M - a cursed wand of slow monster (0:3) P - an uncursed wand of enlightenment (0:14) T - an uncursed wand of cancellation (0:8) U - an uncursed wand of speed monster (0:6) W - an uncursed wand of enlightenment (0:10) X - an uncursed wand of nothing (0:3) Y - an uncursed wand of magic missile (0:7) Tools g - an uncursed tin opener m - an uncursed expensive camera (0:44) n - an uncursed credit card p - an uncursed towel t - an uncursed sack I - an uncursed tallow candle (0:200) L - an uncursed tin whistle R - a cursed oil lamp (0:0) Gems r - an uncursed worthless piece of orange glass w - an uncursed worthless piece of green glass y - an uncursed worthless piece of yellowish brown glass D - 2 uncursed worthless pieces of black glass Contents of the sack: 1088 gold pieces a cursed [+2] cloak of displacement an uncursed +0 dwarvish cloak an uncursed +0 dwarvish cloak a cursed [-1] helm of opposite alignment an uncursed +0 orcish helm an uncursed +0 orcish helm 4 uncursed scrolls of blank paper an uncursed scroll of confuse monster a cursed scroll of create monster an uncursed scroll of destroy armor an uncursed scroll of enchant weapon a cursed scroll of gold detection 3 uncursed scrolls of identify a cursed scroll of light 3 uncursed scrolls of magic mapping 4 uncursed scrolls of scare monster 2 uncursed scrolls of teleportation an uncursed scroll of water a [uncursed] spellbook of confuse monster an uncursed spellbook of create monster an uncursed spellbook of detect food an uncursed spellbook of force bolt an uncursed spellbook of slow monster a cursed potion of gain ability an uncursed potion of hallucination a cursed potion of levitation a cursed potion of monster detection a potion of unholy water a cursed [-2] ring of adornment a cursed [+1] ring of gain strength Spells and supernatural/magical abilities: Name Level Category Fail Memory W - pray for help -- divine ? -- Your skills at the end: Miscellaneous Skills wands [Basic] Weapon Skills short sword [Basic] dart [Skilled] boomerang [Basic] Spellcasting Skills Final Attributes: You were fervently aligned. You were telepathic. You were very fast. You are dead. Vanquished creatures: a ghost a large dog a leprechaun a gnome king a housecat a dwarf lord a blue jelly a human zombie 3 bugbears 2 rock piercers 3 fog clouds a violet fungus 9 gnome lords a gnomish wizard 2 paper golems a jellyfish 3 floating eyes 4 dwarves a homunculus 3 quasits 4 iguanas 2 hill orcs a rabid rat a jitterbug a giant bat 3 orc zombies a wererat 8 killer bees 3 hobbits a large kobold 2 geckos 3 cave spiders a brown mold a green mold a red mold 15 gnomes 11 manes a gnome zombie a fox 10 newts a goblin 10 grid bugs 4 bats 7 lichens a kobold zombie 135 creatures vanquished. Voluntary challenges: You did not adorn yourself with jewelry or accessories. You did not cause conflict. You were not invisible. You did not have reflection. You were not displaced. You had been an atheist until turn 5819. You used a wielded weapon 85 times, starting on turn 3637. You did not apply a unicorn horn. You did not use plumbed fixtures. You read items or engraved 13 times, starting on turn 5157. You never genocided any monsters. You never polymorphed an object. You never changed form. You used no wishes. You never split a pudding. You never wrote Elbereth's name. You violated your moral code, losing 6 points of alignment, starting on turn 5975. Dungeon overview: The Dungeons of Doom: levels 1 to 5 Level 1 a long staircase Level 2 portal to Advent Calendar Level 3 stairs to The Gnomish Mines Level 4 Level 5 some fountains, a sink The Gnomish Mines: levels 4 to 9 Level 4 stairs to The Dungeons of Doom Level 5 Level 6 many shops, some altars to Blind Io and Offler, a magic chest, some trees Level 7 Level 8 <- You were here Level 9 Advent Calendar: Level 4 many trees portal to The Dungeons of Doom History has recorded: On T:1 you entered the Dungeons of Doom to retrieve the Amulet of Yendor! On T:444 you reached level 2 of The Dungeons of Doom. On T:561 you reached level 1 of Advent Calendar. On T:578 you advanced to experience level 2. On T:1075 you advanced to experience level 3. On T:1519 you reached level 3 of The Dungeons of Doom. On T:2252 you advanced to experience level 4. On T:2264 you reached level 4 of The Dungeons of Doom. On T:2676 you reached level 5 of The Dungeons of Doom. On T:3349 you advanced to experience level 5. On T:3561 you reached level 1 of The Gnomish Mines. On T:3901 you advanced to experience level 6. On T:4151 you reached level 2 of The Gnomish Mines. On T:4234 you reached level 3 of The Gnomish Mines. On T:5524 you advanced to experience level 7. On T:5643 you entered the Minetown temple On T:5847 you opened a magic chest. On T:6570 you prayed to The Lady. On T:7113 you reached level 4 of The Gnomish Mines. On T:7317 you reached level 6 of The Gnomish Mines. On T:7349 you reached level 5 of The Gnomish Mines. Score breakdown: Gold: 1691 ( 169 points) Experience: 7 levels ( 600 points) Exploration: 9 levels ( 240 points) Discoveries: 61 items ( 2000 points) Variety of kills: 45 monsters ( 2000 points) Major goal: reached Minetown ( 500 points) Survival: died (score multiplied by 3) Total score: 16527 Latest messages: The dart hits the gnome lord! The paper golem claws you! You throw 2 darts. The 1st dart hits the gnome lord! The 2nd dart hits the gnome lord! You kill the gnome lord! The paper golem claws you! The dart hits the paper golem! The paper golem claws you! You hear a nearby zap. Splat! The wand hits you! Your lamp called oil has gone out. You throw 2 darts. The 1st dart hits the paper golem! The 2nd dart hits the paper golem! You destroy the paper golem! You hear a nearby zap. The wand hits you! You die... Final status: Aloha Quirre the Tourist, killed by a force bolt... You died in The Gnomish Mines on dungeon level 8 with 16527 points, and 2282 pieces of gold, after 7372 moves. You were level 7 with a maximum of 58 hit points when you died.